 Dungeon Crawl Stone Soup version 0.23.2-33-g5129a83184 (webtiles) character file.

Game seed: 10292618204581778834

79122 t4s4d4r the Earth Mage (level 15, -11/97 HPs)
             Began as a Gargoyle Earth Elementalist on June 30, 2019.
             Was the Champion of Makhleb.
             Shot with a bolt by a yaktaur captain (15 damage)
             ... on level 1 of the Depths.
             The game lasted 01:10:39 (31142 turns).

t4s4d4r the Earth Mage (GrEE)                      Turns: 31142, Time: 01:10:39

Health: -11/97     AC: 26    Str: 11    XL:     15   Next: 62%
Magic:  29/40      EV: 12    Int: 37    God:    Makhleb [******]
Gold:   67         SH:  0    Dex: 22    Spells: 6/28 levels left

rFire    + . .     SeeInvis +   b - staff of power
rCold    . . .     Gourm    .   (no shield)
rNeg     + . .     Faith    .   c - +5 robe of the Valley {Regen+ Dex+4}
rPois    ∞         Spirit   .   D - +0 helmet {SInv}
rElec    +         Reflect  .   f - +3 cloak of the Endless Expanse {*Drain Int+8 Dex+4}
rCorr    .         Harm     .   (no gloves)
MR       +....                  P - +2 pair of boots {run}
Stlth    +++.......             (no amulet)
HPRegen  0.66/turn              g - +6 ring of intelligence
MPRegen  0.27/turn              h - ring "Amivuwn" {+Inv rF+ Dex+4}

@: about to teleport, lightly drained, very slow
A: big wings, negative energy resistance 1, electricity resistance, unbreathing,
petrification resistance, rot immunity, AC +11
a: Fly, Minor Destruction, Lesser Servant of Makhleb, Major Destruction, Greater
Servant of Makhleb, Renounce Religion, Evoke Invisibility


You were on level 1 of the Depths.
You worshipped Makhleb.
Makhleb was exalted by your worship.
You were not hungry.

You visited 4 branches of the dungeon, and saw 19 of its levels.
You also visited: Gauntlet.

You collected 1799 gold pieces.
You spent 1732 gold pieces at shops.

Inventory:

Hand Weapons
 a - a +9 whip of electrocution
Missiles
 E - 330 stones (quivered)
Armour
 c - the +5 robe of the Valley (worn) {Regen+ Dex+4}
   (You found it in a Gauntlet)

   It affects your dexterity (+4).
   It increases your rate of regeneration.
 f - the +3 cloak of the Endless Expanse (worn) {*Drain Int+8 Dex+4}
   (You found it in a Gauntlet)

   It affects your intelligence (+8).
   It affects your dexterity (+4).
   It causes draining when unequipped.
 D - a +0 helmet of see invisible (worn)
 P - a +2 pair of boots of running (worn)
Magical Staves
 b - an uncursed staff of power (weapon)
 i - an uncursed staff of wizardry
 N - an uncursed staff of summoning
Jewellery
 g - a +6 ring of intelligence (left hand)
 h - the ring "Amivuwn" (right hand) {+Inv rF+ Dex+4}
   (You found it on level 12 of the Dungeon)

   [ring of protection from fire]

   It affects your dexterity (+4).
   It protects you from fire.
   It lets you turn invisible.
Wands
 r - a wand of clouds (9)
 y - a wand of disintegration (43)
 A - a wand of digging (11)
 G - a wand of paralysis (6)
 L - a wand of scattershot (7)
 M - a wand of acid (7)
 Q - a wand of iceblast (14)
Scrolls
 k - 4 scrolls of identify
 m - 3 scrolls of teleportation
 n - 3 scrolls of fog
 o - a scroll of fear
 s - 2 scrolls of enchant weapon
 t - 2 scrolls of magic mapping
 w - 2 scrolls of remove curse
 H - a scroll of amnesia
 O - 2 scrolls of blinking
Potions
 e - a potion of resistance
 j - 3 potions of magic
 l - 2 potions of ambrosia
 p - 10 potions of curing
 u - 3 potions of might
 v - a potion of agility
 x - 3 potions of haste
 z - 2 potions of lignification
 C - 2 potions of heal wounds
 F - a potion of cancellation
 I - a potion of berserk rage
 J - a potion of mutation
 K - a potion of invisibility
 U - 2 potions of brilliance
Comestibles
 d - 21 rations


   Skills:
 - Level 12.7(12.2) Fighting
 - Level 9.0(8.5) Staves
 - Level 1.5(1.1) Dodging
 - Level 9.4(9.0) Stealth
 - Level 7.0(6.5) Spellcasting
 - Level 3.1(2.7) Conjurations
 + Level 4.0(3.5) Summonings
 + Level 3.6(3.2) Necromancy
 - Level 3.3(2.9) Translocations
   Level 0.7(0.3) Transmutations
 - Level 15.4(14.8) Earth Magic
 - Level 13.5(13.0) Invocations
 - Level 5.0(4.5) Evocations


You had 6 spell levels left.
You knew the following spells:

 Your Spells              Type           Power        Failure   Level  Hunger
a - Sandblast             Erth           ######       0%          1    None
b - Stone Arrow           Conj/Erth      ######       1%          3    None
c - Lee's Rapid Deconstr  Erth           #######...   1%          5    ####...
d - Blink                 Tloc           N/A          1%          2    None
e - Borgnjor's Vile Clut  Necr/Erth      ######....   1%          5    ####...
f - Shadow Creatures      Summ           N/A          73%         6    ######.

Your spell library contained the following spells:

 Spells                   Type           Power        Failure   Level  Hunger
 Magic Dart               Conj           ####         1%          1    None
 Call Imp                 Summ           #####...     1%          2    None
 Passwall                 Tmut/Erth      ######..     1%          2    None
 Petrify                  Tmut/Erth      ######..     1%          4    #......
 Gell's Gravitas          Tloc           ####......   2%          3    None
 Confusing Touch          Hex            ##....       3%          1    None
 Ensorcelled Hibernation  Hex/Ice        ##....       4%          2    None
 Slow                     Hex            ##......     4%          2    None
 Conjure Flame            Conj/Fire      ###.....     5%          3    None
 Mephitic Cloud           Conj/Pois/Air  ###.....     6%          3    None
 Confuse                  Hex            ##......     10%         3    None
 Yara's Violent Unravell  Hex/Tmut       ##........   63%         5    ####...
 Metabolic Englaciation   Hex/Ice        ##........   65%         5    ####...
 Silence                  Hex/Air        ##........   65%         5    ####...
 Darkness                 Hex            ##........   99%         6    ######.
 Monstrous Menagerie      Summ           #####.....   99%         7    #######
 Summon Greater Demon     Summ           #####.....   99%         7    #######
 Malign Gateway           Summ/Tloc      #####.....   100%        7    #######
 Summon Horrible Things   Summ           #####.....   100%        8    #######


Dungeon Overview and Level Annotations

Branches:
Dungeon (15/15)            Temple (1/1) D:4            Lair (0/6) D:11
    Orc (2/2) D:9             Elf (0/3) Orc:2        Vaults (0/5) D:13
 Depths (1/5) D:15

Altars:
Ashenzari
Cheibriados
Dithmenos
Fedhas
Gozag
Hepliaklqana
Kikubaaqudgha
Makhleb
Nemelex Xobeh
Okawaru
Qazlal
Ru
Sif Muna
Trog
Uskayaw
Vehumet
Wu Jian
Xom
Yredelemnul
Zin
The Shining One
Beogh

Shops:
D:4 *%[[   D:7 *   D:9 (   D:13 (   Orc:2 ?%:[(

Annotations:
D:5 1 exclusion
D:7 exclusion: oklob plant
D:8 Gastronok
D:11 exclusion: oklob plant
D:13 2 transporters, Swamplord's ghost, journeyman HuNe
D:14 1 runed translucent door


Innate Abilities, Weirdness & Mutations

You are resistant to torment.
Your stone body is resilient. (AC +11)
You are immune to poison.
Your large and strong wings let you fly indefinitely.
You resist negative energy. (rN+)
You are resistant to electric shocks. (rElec)
You can survive without breathing.
You are immune to petrification.
You are immune to rotting.


Message History

The stone giant shouts!
A frost giant comes into view.
It is wielding a +1 battleaxe of freezing.
The frost giant shouts!
A water elemental comes into view.
The frost giant points at you and mumbles some strange words.
The bolt of cold misses you.
A yaktaur captain comes into view.
Found a scroll of identify, a runed glaive, 31 gold pieces and a ration.
Unknown command.
As you read the scroll of teleportation, it crumbles to dust.
You feel strangely unstable.
You are engulfed in freezing vapours.
The stone giant throws a large rock.
The large rock hits you but does no damage.
You hear a splash.
The frost giant casts a spell at you. The bolt of cold hits you!!
* * * LOW HITPOINT WARNING * * *
The yaktaur captain wields a +0 arbalest.
The yaktaur captain shoots a bolt.
The bolt hits you!
You die...

,*,,,*,,,,,,*,,*≈,,,,,,≈*
,*,,,*,,,,,,,,,#≈..$%..≈*
,*,,,****,*,*,,#≈.c..C.≈*
,*,,,*,,,,*,*,,#≈8....8≈*
,*,,,,,**,***,,#≈......≈*
,*,,,,,,,,,**,,#≈......≈*
,*,,,,,,,,,**,,#≈......≈*
,*,,,,,,,,,**,,#≈8....8≈*
**,,,,**,,,,*,,#@......≈*
,,,,,,**,,,,*,,#≈......≈*
,,,,,,**,,,,*,,#≈..C)..≈*
,,,*,*,,,,,,*,,#≈8.C..8≈*
,,,*,*,*,,,,*,,#≈......≈*
,,,,,*,*,,,,*,,#≈....E.≈*
,,,,,*,*,,,,*,,#≈......≈*
≈≈≈,,*,******,,#≈8....8≈*
≈≈≈*,*,* *,,*,,,,,,,,*


You could see 2 frost giants, a stone giant, a yaktaur captain and a water
elemental.

Vanquished Creatures
  Saint Roka (Orc:2)
  Rupert (Orc:2)
  A fire giant (Depths:1)
  An orc warlord (Orc:1)
  A vampire knight (Depths:1)
  Snorg (D:13)
  2 ettins
  A great orb of eyes (D:15)
  Josephine (D:10)
  Erolcha (D:11)
  A rakshasa (D:15)
  A yaktaur captain (Depths:1)
  Harold (D:8)
  3 vault guards (D:13)
  4 hydras
  8 centaur warriors
  6 two-headed ogres
  A catoblepas (Gauntlet)
  A vampire mage (Depths:1)
  2 orc high priests (Orc:2)
  Urug (D:13)
  4 unseen horrors
  2 phantasmal warriors
  A necromancer (D:15)
  A wolf spider (shapeshifter) (D:14)
  A deep elf mage (D:15)
  An orb spider (shapeshifter) (Depths:1)
  8 ugly things
  A wolf spider zombie (D:15)
  3 cyclopes
  An orc knight (Orc:1)
  8 orc sorcerers
  An oklob plant (D:11)
  2 manticores
  A centaur zombie (D:14)
  Maurice (D:8)
  A naga mage (D:15)
  Psyche (D:8)
  3 gargoyles
  3 yaktaurs
  4 meliai
  9 trolls
  A jumping spider (Gauntlet)
  Prince Ribbit (D:6)
  A meliai zombie (D:15)
  4 hippogriffs
  A redback (Gauntlet)
  Sigmund (D:6)
  A shadow (D:14)
  8 wraiths
  4 wyverns
  A centaur simulacrum (D:15)
  A spriggan (D:13)
  8 humans (D:13)
  20 yaks
  Eustachio (D:6)
  Grum (D:6)
  2 hungry ghosts
  4 vampire mosquitoes (D:13)
  A soldier ant (D:14)
  4 wargs
  3 water moccasins
  Duvessa (D:6)
  40 orc warriors
  9 sky beasts
  A hornet zombie (D:13)
  5 ice beasts
  2 necrophages (D:9)
  4 phantoms
  13 ogres
  24 centaurs
  5 bullfrogs
  2 big kobolds
  A gnoll sergeant (D:6)
  Dowan (D:6)
  A wyvern skeleton (D:9)
  20 killer bees
  2 scorpions
  14 wights
  A howler monkey (D:12)
  3 electric eels (D:8)
  10 crimson imps
  A quasit (D:12)
  12 jellies
  A bullfrog zombie (D:13)
  15 hounds
  2 gnoll shamans (D:6)
  26 orc priests
  Crazy Yiuf (D:6)
  6 centaur skeletons
  4 human zombies (D:9)
  An iron imp (D:6)
  A bullfrog skeleton (D:4)
  Ijyb (D:4)
  Jessica (D:2)
  Natasha (D:2)
  4 iguanas
  23 orc wizards
  8 worker ants
  A mummy (D:9)
  A howler monkey zombie (D:9)
  Robin (D:2)
  15 gnolls
  14 adders
  4 shadow imps
  17 oozes
  A worm zombie (D:4)
  2 adder skeletons
  3 worms
  3 dart slugs
  7 leopard geckos
  122 orcs
  6 giant cockroaches
  13 goblins
  10 hobgoblins
  12 jackals
  10 quokkas
  A ball python (D:1)
  9 bats
  8 frilled lizards
  2 goblin skeletons (D:6)
  2 goblin zombies (D:6)
  16 kobolds
  2 kobold skeletons (D:6)
  A kobold zombie (D:6)
  A leopard gecko skeleton (D:5)
  An orc skeleton (D:6)
  2 orc zombies
  8 rats
727 creatures vanquished.

Vanquished Creatures (collateral kills)
  An entropy weaver (Gauntlet)
  A minotaur (Gauntlet)
  A gargoyle (Gauntlet)
  A centaur skeleton (D:15)
  2 trolls (Orc:2)
  2 meliai (Gauntlet)
  4 orc warriors
  A centaur (D:15)
  2 orc wizards (Orc:2)
  2 gnolls (D:6)
  7 orcs
24 creatures vanquished.

Vanquished Creatures (others)
  A fire dragon (Depths:1)
  A human (D:13)
  An orc (D:9)
  A fungus (D:7)
  15 plants (Depths:1)
19 creatures vanquished.

Grand Total: 770 creatures vanquished

Notes
Turn   | Place    | Note
-------+----------+-------------------------------------------
     0 | D:1      | t4s4d4r the Gargoyle Earth Elementalist began the quest for
                  | the Orb.
     0 | D:1      | Reached XP level 1. HP: 10/10 MP: 3/3
   193 | D:1      | Reached XP level 2. HP: 8/15 MP: 2/5
   963 | D:1      | Reached XP level 3. HP: 14/19 MP: 4/7
  1391 | D:2      | You fall through a shaft for 2 floors!
  1422 | D:4      | Reached skill level 4 in Earth Magic
  1422 | D:4      | Reached XP level 4. HP: 13/24 MP: 5/9
  1531 | D:4      | Reached XP level 5. HP: 20/28 MP: 7/11
  1545 | D:4      | Learned a level 3 spell: Stone Arrow
  1607 | D:4      | Reached skill level 5 in Earth Magic
  1618 | D:4      | Found a hazy altar of Hepliaklqana.
  1696 | D:4      | Found a bloodstained altar of Trog.
  1701 | D:4      | Found Zeixett's Armour Shoppe.
  1805 | D:4      | Found Qebyiwkul's Armour Boutique.
  1817 | D:4      | Found a staircase to the Ecumenical Temple.
  1819 | D:4      | Reached skill level 1 in Conjurations
  1842 | Temple   | Entered the Ecumenical Temple
  2095 | Temple   | Became a worshipper of Makhleb the Destroyer
  2147 | D:4      | Reached XP level 6. HP: 12/32 MP: 9/12
  2341 | D:4      | Reached skill level 6 in Earth Magic
  2401 | D:3      | Noticed Ijyb
  2411 | D:4      | Killed Ijyb
  2635 | D:3      | Found a blossoming altar of Fedhas.
  2860 | D:3      | Reached * piety under Makhleb
  2943 | D:3      | Found an opulent altar of Gozag.
  3105 | D:2      | Reached XP level 7. HP: 36/36 MP: 13/13
  3218 | D:2      | Noticed Robin
  3233 | D:2      | Killed Robin
  3233 | D:2      | Reached skill level 7 in Earth Magic
  3526 | D:2      | Noticed Natasha
  3531 | D:2      | Killed Natasha
  3554 | D:2      | Noticed Jessica
  3558 | D:2      | Killed Jessica
  3576 | D:2      | Learned a level 5 spell: Lee's Rapid Deconstruction
  3581 | D:2      | Found a shattered altar of Ashenzari.
  3873 | D:2      | Reached ** piety under Makhleb
  4360 | D:4      | Reached skill level 1 in Invocations
  4486 | D:4      | Found Limpuseck's General Store.
  4489 | D:4      | Bought a scroll of fog for 22 gold pieces
  4489 | D:4      | Bought a scroll of identify for 22 gold pieces
  4520 | D:4      | Found Tacko's Food Shop.
  4556 | D:4      | Found a sacrificial altar of Ru.
  4764 | D:5      | Entered Level 5 of the Dungeon
  4934 | D:5      | Found a shimmering altar of Xom.
  5059 | D:5      | Noticed a yak
  5059 | D:5      | Noticed a yak
  5060 | D:5      | Noticed a yak
  5075 | D:5      | Killed a yak
  5075 | D:5      | Reached skill level 8 in Earth Magic
  5075 | D:5      | Reached XP level 8. HP: 41/41 MP: 8/14
  5075 | D:5      | Noticed a yak
  5076 | D:5      | Noticed a yak
  5079 | D:5      | Killed a yak
  5079 | D:5      | Noticed a yak
  5091 | D:5      | Killed a yak
  5091 | D:5      | Reached skill level 5 in Invocations
  5093 | D:5      | Killed a yak
  5112 | D:4      | Killed a yak
  5112 | D:4      | Reached skill level 9 in Earth Magic
  5257 | D:5      | Killed a yak
  5507 | D:5      | Reached XP level 9. HP: 45/45 MP: 15/15
  5792 | D:6      | Found a glowing golden altar of the Shining One.
  6054 | D:6      | Reached skill level 1 in Fighting
  6078 | D:6      | Noticed Eustachio
  6093 | D:6      | Killed Eustachio
  6103 | D:6      | Noticed Sigmund
  6310 | D:6      | Noticed Dowan
  6314 | D:6      | Noticed Duvessa
  6568 | D:6      | Killed Sigmund
  6568 | D:6      | Reached *** piety under Makhleb
  6576 | D:6      | Killed Duvessa
  6684 | D:6      | Killed Dowan
  6684 | D:6      | Reached skill level 5 in Fighting
  6738 | D:6      | Noticed Prince Ribbit
  6748 | D:6      | Killed Prince Ribbit
  6856 | D:6      | Reached skill level 10 in Earth Magic
  7115 | D:6      | Identified the +2 leather armour of the Snake Pit {rF+
                  | rCorr}
  7381 | D:6      | Noticed Grum
  7388 | D:6      | Killed Grum
  7388 | D:6      | Reached skill level 11 in Earth Magic
  7444 | D:6      | Found a runed translucent door.
  7445 | D:6      | Noticed Crazy Yiuf
  7645 | D:6      | Killed Crazy Yiuf
  7645 | D:6      | Reached XP level 10. HP: 60/60 MP: 16/16
  7828 | D:7      | Found Zin's Purification Station.
  7833 | D:7      | Found a glowing silver altar of Zin.
  8100 | D:7      | Reached skill level 1 in Staves
  8343 | D:7      | Noticed an oklob plant
  8355 | D:7      | Reached **** piety under Makhleb
  8718 | D:8      | Noticed Psyche
  8724 | D:8      | Killed Psyche
  8822 | D:8      | Noticed Maurice
  8825 | D:8      | Killed Maurice
  8825 | D:8      | Reached skill level 5 in Staves
  8947 | D:8      | Found an iron altar of Okawaru.
  9073 | D:8      | Noticed Gastronok
  9152 | D:8      | Noticed Harold
  9165 | D:8      | Killed Harold
  9341 | D:8      | Found a stormy altar of Qazlal.
  9608 | D:8      | Found an ornate altar of the Wu Jian Council.
  9862 | D:9      | Found Rojewy's Weapon Shoppe.
  9862 | D:9      | Found a runed translucent door.
  9971 | D:9      | Found a staircase to the Orcish Mines.
 10189 | D:9      | Found a shadowy altar of Dithmenos.
 10243 | D:9      | Reached XP level 11. HP: 68/68 MP: 12/17
 10363 | D:9      | Reached ***** piety under Makhleb
 10373 | D:9      | Found a radiant altar of Vehumet.
 10776 | D:9      | Reached skill level 12 in Earth Magic
 10797 | D:9      | Found an ancient bone altar of Kikubaaqudgha.
 11296 | D:9      | Found a runed translucent door.
 11481 | D:9      | Learned a level 2 spell: Blink
 11828 | D:9      | Noticed a brown ugly thing
 11852 | D:9      | Killed an unseen horror
 11852 | D:9      | Reached skill level 5 in Stealth
 12075 | D:9      | Killed a brown ugly thing
 12223 | D:10     | Entered Level 10 of the Dungeon
 12223 | D:10     | Noticed a brown ugly thing
 12506 | D:10     | Found a basalt altar of Yredelemnul.
 12667 | D:10     | Noticed Josephine
 12686 | D:10     | Killed Josephine
 12905 | D:10     | Noticed a two-headed ogre
 12911 | D:10     | Killed a two-headed ogre
 13152 | D:10     | Reached XP level 12. HP: 76/76 MP: 18/18
 13658 | D:11     | Noticed Erolcha
 13660 | D:11     | Paralysed by Erolcha for 4 turns
 13667 | D:11     | Killed Erolcha
 14374 | D:11     | Found a staircase to the Lair.
 14379 | D:11     | Reached skill level 5 in Spellcasting
 14806 | D:11     | Noticed a four-headed hydra
 14818 | D:11     | Killed a four-headed hydra
 14822 | D:11     | Noticed a two-headed ogre
 14826 | D:11     | Killed a two-headed ogre
 14826 | D:11     | Reached skill level 10 in Fighting
 14826 | D:11     | Reached skill level 13 in Earth Magic
 15486 | D:11     | Noticed a two-headed ogre
 15490 | D:11     | Killed a two-headed ogre
 16076 | D:12     | Noticed an eight-headed hydra
 16145 | D:12     | Killed an eight-headed hydra
 16153 | D:12     | Noticed a seven-headed hydra
 16156 | D:12     | Killed a seven-headed hydra
 16270 | D:12     | Identified the +6 war axe of Desperation {speed, rC+ Str+3}
 16649 | D:12     | Reached XP level 13. HP: 69/84 MP: 21/21
 16722 | D:12     | Reached ****** piety under Makhleb
 16833 | D:12     | Got a scorched bone ring
 17003 | D:13     | Noticed Swamplord's ghost (journeyman HuNe)
 17473 | D:13     | Reached skill level 10 in Invocations
 17638 | D:13     | Noticed Urug
 17645 | D:13     | Killed Urug
 17648 | D:13     | Noticed Snorg
 17667 | D:13     | Killed Snorg
 17860 | D:13     | Noticed a vault guard
 17862 | D:13     | Noticed a vault guard
 17864 | D:13     | Noticed a vault guard
 17889 | D:13     | Killed a vault guard
 17899 | D:13     | Killed a vault guard
 17923 | D:13     | Killed a vault guard
 18101 | D:13     | Found Qerav's Antique Weapon Shoppe.
 18129 | D:13     | Reached skill level 1 in Evocations
 18457 | D:13     | Found a transporter.
 18461 | D:13     | Found a transporter.
 18563 | D:13     | Found a roughly hewn altar of Beogh.
 19132 | D:13     | Found a gate to the Vaults.
 19536 | D:14     | Found a runed translucent door.
 19540 | D:14     | Noticed a deep elf high priest
 20165 | D:14     | Reached skill level 5 in Evocations
 20441 | D:15     | Entered Level 15 of the Dungeon
 20445 | D:15     | Reached skill level 14 in Earth Magic
 20516 | D:15     | Reached skill level 1 in Translocations
 20570 | D:15     | Identified the ring "Amivuwn" {+Inv rF+ Dex+4} (You found
                  | it on level 12 of the Dungeon)
 20839 | D:15     | Gained mutation: Your large and strong wings let you fly
                  | indefinitely. [Gargoyle growth]
 20839 | D:15     | Reached XP level 14. HP: 90/90 MP: 22/23
 21141 | D:15     | Found a staircase to the Depths.
 22980 | Orc:1    | Entered Level 1 of the Orcish Mines
 23753 | Orc:1    | Paralysed by an orc sorcerer for 5 turns
 24548 | Orc:2    | Entered Level 2 of the Orcish Mines
 24548 | Orc:2    | Found a gate leading to a gauntlet.
 24786 | Gauntlet | Entered a Gauntlet
 24786 | Gauntlet | Found a transporter.
 24786 | Gauntlet | Found a transporter.
 24837 | Gauntlet | Found a transporter.
 24841 | Gauntlet | Found a transporter.
 24851 | Gauntlet | Found a transporter.
 24855 | Gauntlet | Found a transporter.
 24871 | Gauntlet | Found a transporter.
 24872 | Gauntlet | Noticed an entropy weaver
 24886 | Gauntlet | Found a transporter.
 24903 | Gauntlet | Found a transporter.
 24907 | Gauntlet | Found a transporter.
 24908 | Gauntlet | Noticed an entropy weaver
 24917 | Gauntlet | Found a transporter.
 24921 | Gauntlet | Found a transporter.
 24963 | Gauntlet | Got an ichor-stained cloak
 25024 | Gauntlet | Identified the +3 cloak of the Endless Expanse {*Drain
                  | Int+8 Dex+4} (You found it in a Gauntlet)
 25033 | Gauntlet | Killed an entropy weaver
 25033 | Gauntlet | Reached skill level 15 in Earth Magic
 25043 | Gauntlet | Got a faintly humming robe
 25048 | Gauntlet | Got a fine helmet
 25092 | Gauntlet | Identified a +0 pair of boots of running (You found it in a
                  | Gauntlet)
 25106 | Gauntlet | Identified the +1 helmet of Impressiveness {+Blink} (You
                  | found it in a Gauntlet)
 25127 | Gauntlet | Identified the +5 robe of the Valley {Regen+ Dex+4} (You
                  | found it in a Gauntlet)
 25177 | Gauntlet | Identified the cursed +2 hand crossbow of Foolhardiness
                  | {elec, Str+4 Dex-4}
 25259 | Orc:2    | Found a roughly hewn altar of Beogh.
 25442 | Orc:2    | Noticed Saint Roka
 25802 | Orc:2    | Found a roughly hewn altar of Beogh.
 25802 | Orc:2    | Noticed Rupert
 25811 | Orc:2    | Killed Rupert
 25811 | Orc:2    | Reached XP level 15. HP: 95/97 MP: 0/25
 25815 | Orc:2    | Found Asack's Food Shop.
 25866 | Orc:2    | Noticed an orc warlord
 26149 | Orc:1    | Killed an orc warlord
 26323 | Orc:2    | Found Xoikkytejo's Magic Scroll Shoppe.
 26329 | Orc:2    | Bought a scroll of teleportation for 51 gold pieces
 26329 | Orc:2    | Bought a scroll of blinking for 127 gold pieces
 26329 | Orc:2    | Bought a scroll of magic mapping for 59 gold pieces
 26334 | Orc:2    | Bought a scroll of identify for 34 gold pieces
 26334 | Orc:2    | Bought a scroll of identify for 34 gold pieces
 26334 | Orc:2    | Bought a scroll of identify for 34 gold pieces
 26562 | D:4      | Bought a +0 helmet of see invisible for 149 gold pieces
 26938 | Orc:2    | Found a roughly hewn altar of Beogh.
 26993 | Orc:2    | Found a roughly hewn altar of Beogh.
 27019 | Orc:2    | Found Mempupt's Book Emporium.
 27130 | Orc:2    | Killed Saint Roka
 27718 | Orc:2    | Found a roughly hewn altar of Beogh.
 27719 | Orc:2    | Found a staircase to the Elven Halls.
 28052 | Orc:2    | Found Mohyuwi's Antique Armour Emporium.
 28062 | Orc:2    | Found a roughly hewn altar of Beogh.
 28079 | Orc:2    | Found Nupid's Antique Weapon Shoppe.
 28155 | Orc:2    | Bought a book of Dreams for 1200 gold pieces
 28161 | Orc:2    | Learned a level 5 spell: Borgnjor's Vile Clutch
 28168 | Orc:2    | Learned a level 6 spell: Shadow Creatures
 28794 | Depths:1 | Entered Level 1 of the Depths
 28810 | D:15     | Reached skill level 1 in Summonings
 28887 | D:15     | Reached skill level 1 in Necromancy
 29169 | Depths:1 | Noticed a fire giant
 29226 | Depths:1 | Noticed a fire giant
 30716 | Depths:1 | Killed a fire giant
 31115 | Depths:1 | Noticed a frost giant
 31141 | Depths:1 | Noticed a frost giant
 31141 | Depths:1 | Noticed a frost giant
 31142 | Depths:1 | HP: 4/97 [frost giant/bolt of cold (26)]
 31142 | Depths:1 | Shot with a bolt by a yaktaur captain

Skill      XL: |  1  2  3  4  5  6  7  8  9 10 11 12 13 14 15 |
---------------+----------------------------------------------+-----
Spellcasting   | 3 4 5 6 7 |  7.0
Earth Magic    | 4 5 6 8 9 11 12 13 14 15 | 15.4
Conjurations   | 1 2 3 |  3.1
Invocations    | 3 7 9 12 13 | 13.5
Fighting       | 6 7 9 10 11 12 | 12.7
Staves         | 7 9 |  9.0
Stealth        | 9 |  9.4
Evocations     | 5 |  5.0
Translocations | 2 3 |  3.3
Summonings     | 4 |  4.0
Necromancy     | 3 |  3.6
Dodging        | |  1.5
Transmutations | |  0.7

Action                   |  1- 3 |  4- 6 |  7- 9 | 10-12 | 13-15 || total
-------------------------+-------+-------+-------+-------+-------++-------
Melee: Dagger            |    22 |       |       |       |       ||    22
       Unarmed           |     8 |       |       |       |       ||     8
       Whip              |    51 |    89 |   251 |    69 |   279 ||   739
       Staff             |       |       |       |   133 |    77 ||   210
 Cast: Sandblast         |    11 |    41 |    39 |    42 |    43 ||   176
       Stone Arrow       |       |       |    17 |   220 |   376 ||   613
       Lee's Rapid Decon |       |       |    11 |    59 |   103 ||   173
       Borgnjor's Vile C |       |       |       |       |     3 ||     3
Invok: Lesser Servant of |       |       |     2 |       |     1 ||     3
       Greater Servant o |       |       |       |       |     7 ||     7
       Major Destruction |       |       |       |       |     2 ||     2
Evoke: Wand              |       |       |       |     1 |       ||     1
       Phantom mirror    |       |       |       |       |     1 ||     1
  Use: Scroll            |       |     2 |     8 |    14 |    23 ||    47
 Stab: Sleeping          |     2 |     3 |     4 |     4 |     3 ||    16
       Distracted        |       |       |       |       |     1 ||     1
  Eat: Chunk             |     2 |     5 |    18 |    40 |    35 ||   100
       Ration            |       |       |       |     3 |     9 ||    12
Armor: Robe              |    54 |    44 |   118 |       |   101 ||   317
       Leather armour    |       |       |    68 |   213 |   305 ||   586
Dodge: Dodged            |   100 |    82 |   250 |   185 |   392 ||  1009
